 Dungeon Crawl Stone Soup version 0.31-a0-479-g91c9547826 (webtiles) character file.

Game seed: 14994469138796563104

638 Bnni the Digger (level 7, -2/51 HPs)
             Began as a Formicid Earth Elementalist on Aug 7, 2023.
             Slain by a gnoll bouda
             ... wielding a +0 whip
              (4 damage)
             ... on level 4 of the Dungeon.
             The game lasted 00:06:08 (3881 turns).

Bnni the Digger (Formicid Earth Elementalist)       Turns: 3881, Time: 00:06:08

Health: -2/51      AC:  6    Str: 20    XL:     7   Next: 80%
Magic:  7/13       EV:  9    Int: 16    God:
Gold:   199        SH:  8    Dex: 14    Spells: 5/15 levels left

rFire   . . .        w - +0 dagger (venom)
rCold   . . .        t - +0 kite shield
rNeg    . . .        u - +0 ring mail
rPois   .            (helmet unavailable)
rElec   .            r - +0 cloak
rCorr   +            (no gloves)
SInv    +            (no boots)
Will    .....        o - amulet of faith
Stlth   +            a - ring of Xiraif {rCorr Str+7}
HPRegen 0.28/turn    (no ring)
MPRegen 0.13/turn

%: faith
@: weakened, very slightly contaminated
A: permanent stasis, dig shafts and tunnels, antennae 3, four strong arms
a: Dig, Shaft Self


You were on level 4 of the Dungeon.
You visited 1 branch of the dungeon, and saw 5 of its levels.

You collected 199 gold pieces.

Inventory:

Hand Weapons
 w - a +0 dagger of venom (weapon)
Missiles
 h - 16 poisoned darts
Armour
 l - a +0 chain mail
 r - a +0 cloak (worn)
 t - a +0 kite shield (worn)
 u - a +0 ring mail (worn)
Jewellery
 a - the ring of Xiraif (left hand) {rCorr Str+7}
   (You found it on level 3 of the Dungeon)

   [ring of resist corrosion]

   Str:       It affects your strength (+7).
   rCorr:     It protects you from acid and corrosion.
 o - an amulet of faith (around neck)
Wands
 p - a wand of flame (6)
Scrolls
 c - 3 scrolls of identify {unknown}
 d - a scroll of amnesia {unknown}
 f - 2 scrolls of teleportation {unknown}
 i - a scroll of immolation {unknown}
 j - a scroll of noise {unknown}
 k - 2 scrolls of revelation {unknown}
 q - a scroll of vulnerability {unknown}
Potions
 b - a potion of magic
 e - 2 potions of degeneration {unknown}
 m - a potion of lignification {unknown}
 s - 2 potions of mutation {unknown}
 v - a potion of heal wounds {unknown}


   Skills:
 + Level 2.8 Fighting
 - Level 1.7 Dodging
 - Level 2.4 Stealth
 * Level 2.1 Shields
 * Level 4.5 Spellcasting
 - Level 3.0 Conjurations
 - Level 3.0 Transmutations
 * Level 5.8 Earth Magic


You had 5 spell levels left.
You knew the following spells:

 Your Spells              Type           Power      Damage    Failure   Level
a - Sandblast             Erth           44%        2d11      7%          1
b - Passwall              Tmut/Erth      14%        N/A       19%         2
c - Stone Arrow           Conj/Erth      34%        3d9       34%         3
d - Petrify               Tmut/Erth      17%        N/A       75%         4

Your spell library contained the following spells:

 Spells                   Type           Power      Damage    Failure   Level
 Gell's Gravitas          Tloc           3%         N/A       91%         3
 Teleport Other           Tloc           3%         N/A       91%         3
 Silence                  Hex/Air        1%         N/A       100%        5
 Dispersal                Tloc           1%         N/A       100%        6
 Chain Lightning          Conj/Air       4%         3d5       100%        9


Dungeon Overview and Level Annotations

Branches:
Dungeon (5/15)
 Temple: D:4-7

Altars:
Vehumet


Innate Abilities, Weirdness & Mutations

You cannot be hasted, slowed, berserked, paralysed or teleported.
You can dig through walls and to a lower floor.
You have a pair of large antennae on your head. (SInv)
Your four strong arms can wield two-handed weapons with a shield.


Message History

* * * LOW HITPOINT WARNING * * *
Okay, then.
It was a potion of curing.
You feel better. You block the gnoll's attack.
The gnoll bouda completely misses you.
Unknown command.
Aiming: Sandblast (safe; 7% risk of failure)
Press: ? - help, Q - select action, (/) - cycle Shift-Dir - straight line, f - gnoll, p - gnoll bouda
Aim: a gnoll, wielding a +0 flail and quivering 2 throwing nets (covering ground quickly, 85% to hit)
You miscast Sandblast.
You are very lightly contaminated with residual magic.
Nothing appears to happen.
The gnoll hits you with a +0 flail.
* * * LOW HITPOINT WARNING * * *
You block the gnoll bouda's attack.
Unknown command.
Aiming: Sandblast (safe; 7% risk of failure)
Press: ? - help, Q - select action, (/) - cycle Shift-Dir - straight line, f/p - gnoll
Aim: a gnoll, wielding a +0 flail and quivering 2 throwing nets (covering ground quickly, 85% to hit)
The blast of sand hits the gnoll.
The gnoll is moderately wounded.
The gnoll hits you with a +0 flail!
* * * LOW HITPOINT WARNING * * *
The gnoll bouda hits you but does no damage.
Unknown command.
Aiming: Sandblast (safe; 7% risk of failure)
Press: ? - help, Q - select action, (/) - cycle Shift-Dir - straight line, f/p - gnoll
Aim: a gnoll, wielding a +0 flail and quivering 2 throwing nets (moderately wounded, covering ground quickly, 85% to hit)
Okay, then.
You feel better. The gnoll hits you with a +0 flail.
* * * LOW HITPOINT WARNING * * *
The gnoll bouda gazes fiercely through you!
You feel your attacks grow feeble. You block the gnoll bouda's attack.
Aiming: Sandblast (safe; 7% risk of failure)
Press: ? - help, Q - select action, (/) - cycle Shift-Dir - straight line, f/p - gnoll
Aim: a gnoll, wielding a +0 flail and quivering 2 throwing nets (moderately wounded, covering ground quickly, 85% to hit)
The blast of sand misses the gnoll.
The gnoll closely misses you.
The gnoll bouda hits you with a +0 whip.
You die...

.#.###.#..............###########
.[.<.#.....##...)................
.....))###.#...........#######...
..................)....# #...
......####..#....[.....# #...
......# ##............# #...
.....########..........# #...
................g......#######...
.....#######....@................
###### ######g.##########....
##.# ##### ###


You could see a gnoll bouda and a gnoll (swift).

Vanquished Creatures
  Eustachio (D:4)
  An ogre (D:4)
  A phantom (D:4)
  A kobold brigand (D:4)
  A sleepcap (D:4)
  2 orc wizards
  5 adders
  6 gnolls
  2 worms
  2 dart slugs
  9 orcs
  7 ball pythons
  2 bats (D:1)
  9 endoplasms
  7 giant cockroaches
  7 goblins
  5 hobgoblins
  5 jackals (D:2)
  3 kobolds
  A quokka (D:2)
  A frilled lizard (D:2)
  4 rats
82 creatures vanquished.

Notes
Turn   | Place    | Note
-------+----------+-------------------------------------------
     0 | D:1      | Bnni the Formicid Earth Elementalist began the quest for
                  | the Orb.
     0 | D:1      | Reached XP level 1. HP: 13/13 MP: 3/3
   188 | D:1      | Reached XP level 2. HP: 19/19 MP: 3/5
   597 | D:1      | Reached XP level 3. HP: 25/25 MP: 4/6
   676 | D:1      | Reached skill level 4 in Earth Magic
  1215 | D:2      | Reached skill level 1 in Conjurations
  1256 | D:2      | Reached skill level 1 in Fighting
  1445 | D:2      | Reached XP level 4. HP: 32/32 MP: 5/8
  1850 | D:2      | Learned a level 2 spell: Passwall
  1854 | D:2      | Learned a level 3 spell: Stone Arrow
  2244 | D:3      | Reached XP level 5. HP: 18/37 MP: 0/9
  2365 | D:3      | Identified the ring of Xiraif {rCorr Str+7}
  2374 | D:3      | Learned a level 4 spell: Petrify
  2568 | D:3      | Found a radiant altar of Vehumet.
  2602 | D:3      | Got the Catalogue of Topography and Aeromancy
  2752 | D:3      | Found a faded altar of an unknown god.
  3110 | D:4      | Noticed an ogre
  3130 | D:4      | Killed an ogre
  3131 | D:4      | Reached XP level 6. HP: 44/44 MP: 7/11
  3141 | D:4      | Reached skill level 5 in Earth Magic
  3262 | D:4      | Reached XP level 7. HP: 44/51 MP: 4/13
  3335 | D:4      | Noticed Eustachio
  3380 | D:4      | Killed Eustachio
  3381 | D:4      | Reached skill level 1 in Shields
  3854 | D:5      | Entered Level 5 of the Dungeon
  3876 | D:4      | HP: 2/51 [gnoll bouda/+0 whip (1)]
  3881 | D:4      | Slain by a gnoll bouda

Illustrated notes

Levels and vault maps discovered:
D:1:      dpeg_arrival_rooms_c, layout_loops_cross, serial_forest,
          infiniplex_forest_lined_room_3, infiniplex_forest_straight_2,
          infiniplex_forest_lined_corner, infiniplex_forest_clump_tiny,
          infiniplex_forest_lined_corner, infiniplex_forest_straight_2,
          infiniplex_forest_clump_cross, infiniplex_forest_lined_2,
          infiniplex_forest_end_double, infiniplex_forest_lined_room_
D:2:      layout_loops_corners, hangedman_decor_points
D:3:      layout_basic, nicolae_vehumet_altar_sigil, basic_ecumenical_altar
D:4:      layout_rooms, nicolae_underground_beach, uniq_eustachio
D:5:      layout_gridville, nicolae_overflow_crystal_walls,
          pdpol_wu_jian_five_deadly_venoms, nicolae_gozag_seed_capital,
          minmay_temple_entry_glassed_door, gammafunk_ghost_split, st_stairs_13,
          kennysheep_potato

Skill      XL: |  1  2  3  4  5  6  7 |
---------------+----------------------+-----
Earth Magic    | 4 5 |  5.8
Conjurations   | 1 2 3 |  3.0
Fighting       | 1 2 |  2.8
Transmutations | 2 3 |  3.0
Spellcasting   | 3 4 |  4.5
Shields        | 2 |  2.1
Dodging        | |  1.7
Stealth        | |  2.4

Action                     |  1- 3 |  4- 6 |  7- 9 || total
---------------------------+-------+-------+-------++-------
  Melee: Unarmed           |     4 |       |       ||     4
         Dagger            |       |     7 |     5 ||    12
  Throw: Dart              |       |     5 |     3 ||     8
   Cast: Sandblast         |    39 |    77 |    31 ||   147
    Use: Potion            |       |       |     2 ||     2
 Armour: Robe              |     2 |     1 |       ||     3
         Leather armour    |       |     5 |       ||     5
         Ring mail         |       |       |     5 ||     5
  Dodge: Dodged            |     7 |    30 |     8 ||    45
  Block: Kite shield       |       |       |    11 ||    11

Table legend: (Time is in decaauts)
 A = Elapsed time spent in this place.
 B = Non-inter-level travel time spent in this place.
 C = Inter-level travel time spent in this place.
 D = Time resting spent in this place.
 E = Time spent auto-exploring this place.
 F = Levels seen in this place.
 G = Mean time per level.
                   A        B        C        D        E       F      G
               +--------+--------+--------+--------+--------+-----+--------+
         Total |   3953 |   3829 |    124 |      0 |   3212 |   5 |  790.6 |
       Dungeon |   3953 |   3829 |    124 |      0 |   3212 |   5 |  790.6 |
               +--------+--------+--------+--------+--------+-----+--------+

Top non-repeatable levels by time:
     D:2: 1116 daAuts
     D:1: 1062 daAuts
     D:4: 924 daAuts
     D:3: 826 daAuts
     D:5: 23 daAuts
